 Dungeon Crawl Stone Soup version 0.27.0-1-g7a089689b8 (webtiles) character file.

Game seed: 5032403467127693985

335 mainiacjoe the Firebug (level 6, -1/44 HPs)
             Began as a Gnoll Fire Elementalist on Aug 11, 2021.
             Slain by a gnoll sergeant (7 damage)
             ... on level 4 of the Dungeon on Aug 12, 2021.
             The game lasted 00:06:56 (2679 turns).

mainiacjoe the Firebug (Gnoll Fire Elementalist)    Turns: 2679, Time: 00:06:56

Health: -1/44      AC:  2    Str:  8    XL:     6   Next: 53%
Magic:  10/14      EV: 13    Int: 16    God:
Gold:   155        SH:  0    Dex: 12    Spells: 7/15 levels left

rFire    . . .     SeeInvis .   p - +2 hand axe (vorpal)
rCold    . . .     Faith    .   (no shield)
rNeg     . . .     Spirit   .   g - +0 robe
rPois    .         Reflect  .   (no helmet)
rElec    .         Harm     .   (no cloak)
rCorr    .         Rampage  .   (no gloves)
Will     .....                  (no boots)
Stlth    +++.......             r - amulet of the acrobat
HPRegen  0.14/turn              (no ring)
MPRegen  0.14/turn              (no ring)

@: no status effects
A: fangs 1, strong nose, distributed training
a: no special abilities


You were on level 4 of the Dungeon.
You visited 1 branch of the dungeon, and saw 4 of its levels.

You collected 155 gold pieces.

Inventory:

Hand Weapons
 a - a +0 flail
 b - a +0 dagger
 p - a +2 vorpal hand axe (weapon)
Missiles
 e - 65 stones
 i - 3 boomerangs
 l - 41 arrows
 m - 36 bolts
Armour
 g - a +0 robe (worn)
Jewellery
 q - a ring of ice
 r - an amulet of the acrobat (around neck)
Scrolls
 h - a scroll of blinking
 k - a scroll of amnesia {unknown}
 o - a scroll of enchant armour {unknown}
Potions
 c - a potion of mutation {unknown}
 d - a potion of brilliance
 f - 2 potions of attraction
 j - a potion of heal wounds
 n - a potion of flight {unknown}


   Skills:
 + Level 2.0 Fighting
 + Level 2.0 Short Blades
 + Level 2.0 Long Blades
 + Level 2.0 Axes
 + Level 2.0 Maces & Flails
 + Level 2.0 Polearms
 + Level 2.0 Staves
 + Level 2.0 Slings
 + Level 2.0 Bows
 + Level 2.0 Crossbows
 + Level 2.0 Throwing
 + Level 2.0 Armour
 + Level 5.0 Dodging
 + Level 4.6 Stealth
 + Level 2.0 Shields
 + Level 2.0 Unarmed Combat
 + Level 5.4 Spellcasting
 + Level 2.6 Conjurations
 + Level 1.6 Hexes
 + Level 1.6 Summonings
 + Level 1.6 Necromancy
 + Level 1.6 Translocations
 + Level 1.6 Transmutations
 + Level 5.7 Fire Magic
 + Level 1.6 Ice Magic
 + Level 1.6 Air Magic
 + Level 1.6 Earth Magic
 + Level 1.6 Poison Magic
 + Level 2.2 Invocations
 + Level 2.0 Evocations


You had 7 spell levels left.
You knew the following spells:

 Your Spells              Type           Power      Damage    Failure   Level
a - Foxfire               Conj/Fire      68%        2x1d7     2%          1
b - Inner Flame           Hex/Fire       16%        N/A       10%         3
c - Sticky Flame          Conj/Fire      17%        2d4       26%         4

Your spell library contained the following spells:

 Spells                   Type           Power      Damage    Failure   Level
 Conjure Flame            Conj/Fire      17%        6-21      8%          3
 Ozocubu's Armour         Ice            9%         N/A       22%         3
 Fireball                 Conj/Fire      8%         3d6       58%         5
 Ozocubu's Refrigeration  Ice            4%         4d5       100%        7


Dungeon Overview and Level Annotations

Branches:
Dungeon (4/15)
 Temple: D:4-7

Altars:


Innate Abilities, Weirdness & Mutations

You have very sharp teeth.
Your uncanny sense of smell can sniff out nearby items.
Your experience applies equally to all skills.


Message History

Casting: Foxfire (safe; 2% risk of failure)
Confirm with . or Enter, or press ? or * to list all spells.
You conjure some foxfire!
The gnoll sergeant hits you from afar with a +0 spear.
The foxfire hits the gnoll sergeant but does no damage.
The gnoll sergeant is lightly wounded.
The foxfire hits the gnoll sergeant but does no damage.
The gnoll sergeant is lightly wounded.
The gnoll sergeant hits you from afar with a +0 spear.
Casting: Foxfire (safe; 2% risk of failure)
Confirm with . or Enter, or press ? or * to list all spells.
You conjure some foxfire!
The gnoll sergeant hits you from afar with a +0 spear.
The foxfire hits the gnoll sergeant.
The gnoll sergeant is moderately wounded.
The foxfire hits the gnoll sergeant.
The gnoll sergeant is heavily wounded.
The gnoll sergeant hits you from afar with a +0 spear.
Casting: Foxfire (safe; 2% risk of failure)
Confirm with . or Enter, or press ? or * to list all spells.
You conjure some foxfire!
The gnoll sergeant hits you from afar with a +0 spear!
* * * LOW HITPOINT WARNING * * *
The foxfire hits the gnoll sergeant but does no damage.
The gnoll sergeant is heavily wounded.
The foxfire hits the gnoll sergeant but does no damage.
The gnoll sergeant is heavily wounded.
The gnoll sergeant hits you from afar with a +0 spear.
* * * LOW HITPOINT WARNING * * *
The gnoll sergeant completely misses you.
Unknown command.
You see here an iguana corpse.
Things that are here:
a +0 whip; a +0 hand crossbow The gnoll sergeant barely misses you.
Casting: Foxfire (safe; 2% risk of failure)
Confirm with . or Enter, or press ? or * to list all spells.
You conjure some foxfire!
The gnoll sergeant hits you from afar with a +0 spear!
You die...

#........##..##
#.#######..†.#
#...#####>#..##
#.#.......#g..#
#.######..#.####
#.##...#....##.#
##g#######.#.##.#
#........#.#..#.#####
#.#.@v.....#.#..gg.gg
#....v........#######
####.####.####.# #.
#.# ### #.# #.≈#.# ##
#.# #..#.# ≈# #.#
#..#.#≈≈# #..
#.≈#.#.≈# #. ∆
#.≈#.#≈≈#


You could see a gnoll sergeant (ally target).

Vanquished Creatures
  A necrophage (D:4)
  A howler monkey (D:4)
  2 orc priests
  An iguana (D:4)
  An orc wizard (D:3)
  3 gnolls (D:3)
  An adder (D:3)
  2 worms
  2 dart slugs
  6 orcs
  A bat (D:2)
  4 endoplasms
  2 giant cockroaches (D:1)
  8 goblins
  A hobgoblin (D:1)
  2 jackals (D:3)
  5 kobolds
  3 ball pythons
  A frilled lizard (D:2)
  4 rats
51 creatures vanquished.

Vanquished Creatures (others)
  154 foxfires
  17 fungi (D:4)
171 creatures vanquished.

Grand Total: 222 creatures vanquished

Notes
Turn   | Place    | Note
-------+----------+-------------------------------------------
     0 | D:1      | mainiacjoe the Gnoll Fire Elementalist began the quest for
                  | the Orb.
     0 | D:1      | Reached XP level 1. HP: 13/13 MP: 6/6
   283 | D:1      | Reached XP level 2. HP: 19/19 MP: 3/7
   873 | D:2      | Reached XP level 3. HP: 25/25 MP: 6/9
   877 | D:2      | Learned a level 3 spell: Inner Flame
  1185 | D:2      | Found a faded altar of an unknown god.
  1203 | D:2      | Reached skill level 5 in Spellcasting
  1490 | D:3      | Reached skill level 1 in Invocations
  1546 | D:3      | Reached skill level 1 in Fighting
  1546 | D:3      | Reached skill level 1 in Short Blades
  1546 | D:3      | Reached skill level 1 in Long Blades
  1546 | D:3      | Reached skill level 1 in Axes
  1546 | D:3      | Reached skill level 1 in Maces & Flails
  1546 | D:3      | Reached skill level 1 in Polearms
  1546 | D:3      | Reached skill level 1 in Staves
  1546 | D:3      | Reached skill level 1 in Slings
  1546 | D:3      | Reached skill level 1 in Bows
  1546 | D:3      | Reached skill level 1 in Crossbows
  1546 | D:3      | Reached skill level 1 in Throwing
  1546 | D:3      | Reached skill level 1 in Armour
  1546 | D:3      | Reached skill level 1 in Shields
  1546 | D:3      | Reached skill level 1 in Unarmed Combat
  1546 | D:3      | Reached skill level 1 in Evocations
  1546 | D:3      | Reached XP level 4. HP: 32/32 MP: 6/11
  1938 | D:3      | Reached skill level 1 in Hexes
  1938 | D:3      | Reached skill level 1 in Summonings
  1938 | D:3      | Reached skill level 1 in Necromancy
  1938 | D:3      | Reached skill level 1 in Translocations
  1938 | D:3      | Reached skill level 1 in Transmutations
  1938 | D:3      | Reached skill level 1 in Ice Magic
  1938 | D:3      | Reached skill level 1 in Air Magic
  1938 | D:3      | Reached skill level 1 in Earth Magic
  1938 | D:3      | Reached skill level 1 in Poison Magic
  1943 | D:3      | Reached XP level 5. HP: 36/37 MP: 5/12
  2477 | D:4      | Noticed a necrophage
  2492 | D:4      | Killed a necrophage
  2493 | D:4      | Reached skill level 5 in Dodging
  2493 | D:4      | Reached XP level 6. HP: 35/44 MP: 14/14
  2574 | D:4      | Learned a level 4 spell: Sticky Flame
  2652 | D:4      | HP: 2/44 [gnoll sergeant (4)]
  2679 | D:4      | Slain by a gnoll sergeant

Illustrated notes

Levels and vault maps discovered:
D:1:      lemuel_arrival_muddy, layout_rooms, hangedman_decor_growths
D:2:      layout_rooms, hellmonk_ecumenical_altar_heavens_door
D:3:      layout_basic, minmay_misc_feat_five
D:4:      layout_loops_ring, minitemple, serial_aquarium,
          aquarium_bridge_long_separate [aquarium_subvault_wall,
          aquarium_subvault_bridge, aquarium_subvault_window,
          aquarium_subvault_bridge, aquarium_subvault_wall,
          aquarium_subvault_window], aquarium_bridge_square
          [aquarium_subvault_bridge, aquarium_subvault_wall,
          aquarium_subvault_bridge, aquarium_subvault_window],
          aquarium_window_fake, aquarium_window_fake, aquarium_window_1,
          aquarium_window_corridor_2, aquarium_view_2g, aquarium_view_2a,
          aquarium_pool_2

Skill      XL: |  1  2  3  4  5 |
---------------+----------------+-----
Conjurations   | 2 |  2.6
Spellcasting   | 5 |  5.4
Invocations    | 1 2 |  2.2
Fighting       | 1 2 |  2.0
Short Blades   | 1 2 |  2.0
Long Blades    | 1 2 |  2.0
Axes           | 1 2 |  2.0
Maces & Flails | 1 2 |  2.0
Polearms       | 1 2 |  2.0
Staves         | 1 2 |  2.0
Slings         | 1 2 |  2.0
Bows           | 1 2 |  2.0
Crossbows      | 1 2 |  2.0
Throwing       | 1 2 |  2.0
Armour         | 1 2 |  2.0
Shields        | 1 2 |  2.0
Unarmed Combat | 1 2 |  2.0
Evocations     | 1 2 |  2.0
Hexes          | 1 |  1.6
Summonings     | 1 |  1.6
Necromancy     | 1 |  1.6
Translocations | 1 |  1.6
Transmutations | 1 |  1.6
Ice Magic      | 1 |  1.6
Air Magic      | 1 |  1.6
Earth Magic    | 1 |  1.6
Poison Magic   | 1 |  1.6
Dodging        | 5 |  5.0
Stealth        | |  4.6
Fire Magic     | |  5.7

Action                   |  1- 3 |  4- 6 || total
-------------------------+-------+-------++-------
Melee: Dagger            |     8 |     1 ||     9
       Whip              |     1 |       ||     1
       Flail             |       |     5 ||     5
       Hand axe          |       |    19 ||    19
       Bite              |       |     1 ||     1
 Cast: Foxfire           |    46 |    43 ||    89
  Use: Scroll            |     4 |       ||     4
 Stab: Sleeping          |     4 |     1 ||     5
Armor: Robe              |       |     1 ||     1
Dodge: Dodged            |     3 |    22 ||    25
